 Dungeon Crawl Stone Soup version 0.21.1-68-g103a7af (webtiles) character file.

1643 Lilu the Destroyer (level 8, -2/53 HPs)
             Began as a Deep Elf Conjurer on Aug 1, 2018.
             Was a Follower of Vehumet.
             Slain by a phantom (5 damage)
             ... on level 6 of the Dungeon.
             The game lasted 00:27:12 (7651 turns).

Lilu the Destroyer (Deep Elf Conjurer)              Turns: 7651, Time: 00:27:13

Health: -2/53      AC:  3    Str:  7    XL:     8   Next: 67%
Magic:  2/14       EV: 13    Int: 21    God:    Vehumet [*.....]
Gold:   227        SH:  0    Dex: 15    Spells: 6/13 levels left

rFire    . . .     SeeInvis .   H - +2 long sword (freeze)
rCold    + . .     Gourm    .   (no shield)
rNeg     + . .     Faith    .   a - +0 robe
rPois    .         Spirit   .   (no helmet)
rElec    .         Reflect  .   (no cloak)
rCorr    .         Harm     .   (no gloves)
MR       .....                  t - +0 pair of boots
Stlth    ++........             (no amulet)
HPRegen  0.17/turn              K - ring of positive energy
MPRegen  0.14/turn              M - ring of protection from cold

@: no status effects
A: no striking features
a: Renounce Religion


You were on level 6 of the Dungeon.
You worshipped Vehumet.
Vehumet was aware of your devotion.
You were hungry.

You visited 2 branches of the dungeon, and saw 7 of its levels.
You also visited: Ossuary.

You collected 227 gold pieces.

Inventory:

Hand Weapons
 C - a +0 falchion of protection
 G - a +4 falchion
 H - a +2 long sword of freezing (weapon)
Missiles
 y - 43 sling bullets
Armour
 a - a +0 robe (worn)
 g - a +4 plate armour
 t - a +0 pair of boots (worn)
Magical Staves
 F - an uncursed staff of poison
Jewellery
 K - a ring of positive energy (left hand)
 M - a ring of protection from cold (right hand)
Wands
 n - a wand of polymorph (3)
Scrolls
 e - a scroll of fog {unknown}
 f - 7 scrolls of identify
 h - 4 scrolls of amnesia
 i - 2 scrolls of fear {unknown}
 j - 2 scrolls of enchant weapon {unknown}
 m - 3 scrolls of teleportation
 p - a scroll of magic mapping {unknown}
 s - 6 scrolls of remove curse
 v - 3 scrolls of noise {unknown}
 z - 2 scrolls of immolation {unknown}
 A - a scroll of enchant armour {unknown}
 I - a scroll of random uselessness {unknown}
Potions
 d - 3 potions of curing {unknown}
 k - 4 potions of cancellation {unknown}
 l - 3 potions of might {unknown}
 o - a potion of heal wounds
 q - a potion of haste {unknown}
 r - a potion of magic {unknown}
 u - 2 potions of lignification {unknown}
 w - a potion of degeneration {unknown}
 x - 2 potions of experience {unknown}
 B - a potion of flight {unknown}
 D - a potion of agility {unknown}
 E - a potion of resistance {unknown}
 J - a potion of brilliance {unknown}
Books
 b - a book of Conjurations

   Spells                             Type                      Level
   a - Magic Dart                     Conjuration                  1
   b - Searing Ray                    Conjuration                  2
   c - Dazzling Spray                 Conjuration/Hexes            3
   d - Fulminant Prism                Conjuration/Hexes            4
   e - Force Lance                    Conjuration/Translocation    4
   f - Iskenderun's Mystic Blast      Conjuration                  4
Comestibles
 c - 4 rations


   Skills:
 + Level 7.0 Fighting
 - Level 2.4 Dodging
 - Level 2.4 Stealth
 - Level 3.0 Spellcasting
 - Level 9.0 Conjurations


You had 6 spell levels left.
You knew the following spells:

 Your Spells              Type           Power        Failure   Level  Hunger
a - Magic Dart            Conj           ####         1%          1    None
b - Searing Ray           Conj           #####.       1%          2    ##.....
c - Iskenderun's Mystic   Conj           #####...     3%          4    ####...


Dungeon Overview and Level Annotations

Branches:
Dungeon (6/15)             Temple (1/1) D:5

Altars:
Dithmenos
Elyvilon
Fedhas
Hepliaklqana
Makhleb
Qazlal
Sif Muna
Vehumet
Xom
Yredelemnul
Zin

Shops:
D:4 ?   D:6 (


Message History

The phantom is almost destroyed.
The phantom barely misses you. x2
You are feeling hungry.
You hit the phantom but do no damage.
The phantom is almost destroyed.
The phantom misses you.
You hit the phantom.
The phantom is almost destroyed.
The phantom hits you.
* * * LOW HITPOINT WARNING * * *
The phantom blinks!
You hit the phantom but do no damage.
The phantom is almost destroyed.
The phantom closely misses you. The phantom hits you!
* * * LOW HITPOINT WARNING * * *
There is an open door, spattered with blood here.
You barely miss the phantom.
The phantom is almost destroyed.
The phantom hits you.
You die...

#.####.....# #[.#
##....#
###.####....#
..#.........####
#.....#####....###
...##'# #'##...##
.###..# #..###..#
# #..# #..#.##.#
#..# #..#)W@.#
#..# #..#.##.#
#..# #..###..#
#### #### .## ##


You could see a phantom.

Vanquished Creatures
  2 ice beasts
  3 ogres
  A bullfrog (D:6)
  A gnoll sergeant (D:6)
  2 scorpions
  A wight (D:6)
  3 crimson imps
  A bullfrog zombie (D:5)
  A quasit (D:5)
  2 jellies
  A hound (D:5)
  Ijyb (D:3)
  A bullfrog skeleton (D:4)
  An iguana (D:5)
  An orc wizard (D:3)
  7 worker ants
  13 mummies (Ossuary)
  A worker ant zombie (D:6)
  7 adders
  3 gnolls (D:6)
  A shadow imp (D:6)
  4 oozes
  A worm (D:4)
  A dart slug (D:5)
  2 leopard geckos
  13 orcs
  A ball python (D:5)
  5 giant cockroaches
  6 hobgoblins
  12 jackals
  2 quokkas
  5 bats
  5 frilled lizards
  9 goblins
  8 kobolds
  3 kobold skeletons (Ossuary)
  A leopard gecko skeleton (D:5)
  5 orc skeletons (Ossuary)
  8 rats
  11 rat skeletons (Ossuary)
156 creatures vanquished.

Notes
Turn   | Place    | Note
-------+----------+-------------------------------------------
     0 | D:1      | Lilu the Deep Elf Conjurer began the quest for the Orb.
     0 | D:1      | Reached XP level 1. HP: 10/10 MP: 6/6
   135 | D:1      | Reached XP level 2. HP: 15/15 MP: 2/8
   188 | D:1      | Reached skill level 5 in Conjurations
   220 | D:1      | Found a white marble altar of Elyvilon.
   787 | D:1      | Reached XP level 3. HP: 19/19 MP: 5/9
  1180 | D:2      | Learned a level 2 spell: Searing Ray
  1223 | D:2      | Found a white marble altar of Elyvilon.
  1252 | D:2      | Found a glowing silver altar of Zin.
  1252 | D:2      | Noticed an angel
  1253 | D:2      | Found a shimmering altar of Xom.
  1528 | D:2      | Found a stormy altar of Qazlal.
  1532 | D:2      | Reached skill level 6 in Conjurations
  1584 | D:2      | You fall through a shaft!
  1783 | D:3      | Reached XP level 4. HP: 24/24 MP: 8/10
  2834 | D:3      | Reached skill level 7 in Conjurations
  3080 | D:3      | Noticed Ijyb
  3096 | D:3      | Killed Ijyb
  3096 | D:3      | Reached XP level 5. HP: 28/28 MP: 3/11
  3515 | D:4      | Learned a level 4 spell: Iskenderun's Mystic Blast
  3599 | D:4      | Reached skill level 8 in Conjurations
  3777 | D:4      | Noticed an ogre
  3784 | D:4      | Noticed an ogre
  3786 | D:4      | Killed an ogre
  3786 | D:4      | Reached XP level 6. HP: 32/32 MP: 3/12
  3970 | D:4      | Reached skill level 9 in Conjurations
  4034 | D:4      | Found Pedghefu's Magic Scroll Boutique.
  4189 | D:4      | Reached skill level 1 in Fighting
  4411 | D:5      | Entered Level 5 of the Dungeon
  4568 | D:5      | Reached XP level 7. HP: 26/38 MP: 5/13
  4888 | D:5      | Found a staircase to the Ecumenical Temple.
  4917 | D:5      | Found a sand-covered staircase.
  4926 | Ossuary  | Entered an ossuary
  6174 | D:5      | Reached XP level 8. HP: 18/48 MP: 5/14
  6378 | D:5      | Reached skill level 5 in Fighting
  6535 | Temple   | Entered the Ecumenical Temple
  6567 | Temple   | Became a worshipper of Vehumet
  6977 | D:6      | Found Xypneucw's Antique Weapon Emporium.
  7629 | D:6      | Reached * piety under Vehumet
  7629 | D:6      | Offered knowledge of Sting by Vehumet.
  7651 | D:6      | Slain by a phantom

Skill      XL: |  1  2  3  4  5  6  7  8 |
---------------+-------------------------+-----
Conjurations   | 5 6 7 8 9 |  9.0
Fighting       | 1 4 7 |  7.0
Dodging        | |  2.4
Stealth        | |  2.4
Spellcasting   | |  3.0

Action                   |  1- 3 |  4- 6 |  7- 9 || total
-------------------------+-------+-------+-------++-------
Melee: Falchion          |       |     3 |   119 ||   122
       Long sword        |       |       |    34 ||    34
 Cast: Magic Dart        |    81 |    67 |    24 ||   172
       Searing Ray       |     1 |    17 |    34 ||    52
       Iskenderun's Myst |       |       |     8 ||     8
  Use: Scroll            |       |       |     4 ||     4
       Potion            |       |       |     2 ||     2
 Stab: Sleeping          |       |       |     6 ||     6
  Eat: Chunk             |     2 |     9 |     6 ||    17
       Ration            |       |       |     2 ||     2
Armor: Robe              |     3 |     3 |    43 ||    49
       Skin              |       |     3 |       ||     3
Dodge: Dodged            |     2 |    21 |   154 ||   177
       Rpst.: Falchion   |       |     4 |    23 ||    27
       Long sword        |       |       |    15 ||    15
